 Dungeon Crawl Stone Soup version 0.27.1-34-g3ba077fa99 (webtiles) character file.

Game seed: 4253183416863652365

122 comborobin the Sneak (level 5, -2/32 HPs)
             Began as a Tengu Delver on Jan 4, 2022.
             Shot with an arrow by a centaur (9 damage)
             ... on level 4 of the Dungeon.
             The game lasted 00:01:45 (1138 turns).

comborobin the Sneak (Tengu Delver)                 Turns: 1138, Time: 00:01:46

Health: -2/32      AC:  4    Str: 12    XL:     5   Next: 6%
Magic:  6/6        EV: 14    Int: 11    God:
Gold:   45         SH:  0    Dex: 16    Spells: 4/4 levels left

rFire    . . .     SeeInvis .     - Unarmed
rCold    + . .     Faith    .   (no shield)
rNeg     . . .     Spirit   .   a - +0 leather armour
rPois    .         Reflect  .   (helmet restricted)
rElec    .         Harm     .   e - +0 cloak
rCorr    .         Rampage  .   (no gloves)
Will     .....                  (boots unavailable)
Stlth    +++.......             g - amulet of regeneration
HPRegen  1.10/turn              j - ring of protection from cold
MPRegen  0.10/turn              (no ring)

@: brilliant, flying quickly and evasively, quick
A: beak, talons 3, nimble flight, sense surroundings 1, wild magic 1
a: no special abilities


You were on level 4 of the Dungeon.
You visited 1 branch of the dungeon, and saw 3 of its levels.

You collected 45 gold pieces.

Inventory:

Armour
 a - a +0 leather armour (worn)
 e - a +0 cloak (worn)
Jewellery
 g - an amulet of regeneration (around neck)
 i - an amulet of guardian spirit
 j - a ring of protection from cold (left hand)
Wands
 f - a wand of digging (3)
Scrolls
 b - a scroll of fog
 c - a scroll of magic mapping
 h - 2 scrolls of identify {unknown}
 l - a scroll of acquirement {unknown}
 m - 2 scrolls of enchant armour {unknown}
 n - a scroll of amnesia {unknown}
Potions
 o - 2 potions of flight {unknown}


   Skills:
 + Level 3.6 Fighting
 + Level 1.1 Armour
 + Level 2.7 Dodging
 - Level 6.0 Stealth
 * Level 3.1 Unarmed Combat


You had 4 spell levels left.
You didn't know any spells.
Your spell library was empty.

Dungeon Overview and Level Annotations

Branches:
Dungeon (5/15)
 Temple: D:4-7

Altars:
Ashenzari
Elyvilon
Makhleb
Trog
Uskayaw
Zin

Shops:
D:5 (

Annotations:
D:5 Sigmund


Innate Abilities, Weirdness & Mutations

You have a beak for a mouth.
You have claws for feet.
Your magical nature lets you fly swiftly and evasively.
You passively map a small area around you.
Your spells are a little harder to cast, but a little more powerful.


Message History

The helpless endoplasm fails to defend itself.
You hit the endoplasm. You peck the endoplasm.
The endoplasm is severely wounded.
The endoplasm closely misses you.
An endoplasm is nearby!
You hit the endoplasm.
You kill the endoplasm!
No target in view!
o - 2 bubbling silvery potions You reach down and open the door.
Found a bloodstained altar of Trog.
No target in view!
Key pressed, stopping explore.
No target in view!
No target in view!
There is an open door here.
You reach down and open the door.
Found a stone staircase leading up.
No target in view!
Key pressed, stopping explore.
No target in view!
Found a broken altar of Ashenzari.
No target in view!
No target in view!
A centaur is nearby!
A centaur is nearby!
The centaur shouts!
The centaur wields a +0 shortbow.
The centaur shoots an arrow.
The arrow hits you!
The centaur shoots an arrow.
The arrow hits you.
The centaur shoots an arrow.
The arrow hits you!
* * * LOW HITPOINT WARNING * * *
It was a potion of brilliance.
You feel clever all of a sudden.
The centaur shoots an arrow.
The arrow completely misses you.
It was a potion of mutation.
You feel extremely strange.
You feel a strange attunement to the structure of the dungeons.
You feel less in control of your magic.
The centaur shoots an arrow.
The arrow misses you.
The centaur shoots an arrow.
The arrow hits you!
You die...

####### ## ###.....# #.
#.......## #<
##._......## #.
#..........### ##.
#....8@......##### #..
#.c..............####..
##....._...####........
#.......#####..###..##
##.....#####..## #..##
#.#..## #....# #..#.
#...## ##..## ##...
#..# #### #... ##.#
##...


You could see a centaur.

Vanquished Creatures
  A wyvern skeleton (D:3)
  A hound (D:5)
  3 adders
  A dart slug (D:3)
  A ball python (D:4)
  2 endoplasms (D:4)
  2 giant cockroaches (D:4)
  A hobgoblin (D:3)
  2 quokkas
  2 kobolds
  A rat (D:3)
17 creatures vanquished.

Notes
Turn   | Place    | Note
-------+----------+-------------------------------------------
     0 | D:5      | comborobin the Tengu Delver began the quest for the Orb.
     0 | D:5      | Reached XP level 1. HP: 14/14 MP: 2/2
     8 | D:5      | Noticed a hound
    17 | D:5      | Reached XP level 2. HP: 14/19 MP: 3/3
    28 | D:5      | Noticed Sigmund
    32 | D:5      | Reached XP level 3. HP: 18/23 MP: 4/4
    44 | D:5      | Found Elapiag's Weapon Shoppe.
   254 | D:4      | Found a glowing silver altar of Zin.
   255 | D:4      | Noticed a centaur
   330 | D:4      | Found a burning altar of Makhleb.
   330 | D:4      | Noticed a cacodemon
   474 | D:4      | Found a white marble altar of Elyvilon.
   663 | D:3      | Reached skill level 6 in Stealth
   663 | D:3      | Reached XP level 4. HP: 28/28 MP: 5/5
   705 | D:3      | Reached skill level 1 in Armour
   759 | D:3      | Noticed a +0 dagger
   759 | D:3      | Noticed a +0 short sword
   759 | D:3      | Noticed a +0 spear
   760 | D:3      | Noticed a +0 spear
   760 | D:3      | Noticed a +0 falchion
   762 | D:3      | Noticed a +0 dagger
   765 | D:3      | Noticed a +0 falchion
   767 | D:3      | Noticed a +0 short sword
   781 | D:3      | Found a hide-covered altar of Uskayaw.
  1050 | D:4      | Gained mutation: Your magical nature lets you fly swiftly
                  | and evasively. [Tengu growth]
  1050 | D:4      | Reached XP level 5. HP: 32/32 MP: 6/6
  1081 | D:4      | Found a bloodstained altar of Trog.
  1132 | D:4      | Found a broken altar of Ashenzari.
  1138 | D:4      | Gained mutation: You passively map a small area around you.
                  | [potion of mutation]
  1138 | D:4      | Gained mutation: Your spells are a little harder to cast,
                  | but a little more powerful. [potion of mutation]
  1138 | D:4      | Shot with an arrow by a centaur

Illustrated notes

Levels and vault maps discovered:
D:3:      layout_basic, nicolae_uskayaw_en_pointe
D:4:      layout_cave_pods, grunt_temple_overflow_open, kennysheep_mini,
          makhleb_altar_promises_db, mainiacjoe_overflow_tiny_flanked
D:5:      wander_river, layout_rooms, minmay_temple_entry_glass, serial_shops,
          kennysheep_little_box, shop, nicolae_shop_behind_doors,
          nicolae_shop_window_shopping, portal_sewer_entry_c, uniq_menkaure,
          uniq_sigmund

Skill      XL: |  1  2  3  4 |
---------------+-------------+-----
Stealth        | 6 |  6.0
Armour         | 1 |  1.1
Unarmed Combat | 3 |  3.1
Fighting       | |  3.6
Dodging        | |  2.7

Action                   |  1- 3 |  4- 6 || total
-------------------------+-------+-------++-------
Melee: Unarmed           |    32 |    19 ||    51
       Kick              |    12 |     7 ||    19
       Peck              |     3 |     5 ||     8
  Use: Potion            |     1 |     2 ||     3
       Scroll            |     1 |       ||     1
 Stab: Sleeping          |     2 |     2 ||     4
Armor: Leather armour    |     3 |     4 ||     7
Dodge: Dodged            |    15 |    15 ||    30
